 Dungeon Crawl Stone Soup version 0.21.0-25-ge575cb9 (webtiles) character file.

151 SedStubbie the Digger (level 5, 0/31 HPs)
             Began as an Octopode Earth Elementalist on Jan 26, 2018.
             Slain by an orc wizard
             ... wielding a +0 dagger
              (4 damage)
             ... on level 4 of the Dungeon.
             The game lasted 00:07:38 (4025 turns).

SedStubbie the Digger (Octopode Earth Elementalist) Turns: 4025, Time: 00:07:38

Health: 0/31       AC:  2    Str:  7    XL:     5   Next: 33%
Magic:  2/8        EV: 14    Int: 18    God:
Gold:   201        SH:  0    Dex: 13    Spells: 4/10 levels left

rFire    + . .     SeeInvis .   m - staff of death
rCold    + . .     Gourm    .   (no shield)
rNeg     + . .     Faith    .   (helmet restricted)
rPois    .         Spirit   .   e - amulet of magic regeneration
rElec    .         Reflect  .   l - ring of protection from cold
rCorr    .         Harm     .   (no ring)
MR       .....                  (no ring)
Stlth    +++.......             (no ring)
HPRegen  0.10/turn              (no ring)
MPRegen  0.36/turn              (no ring)
                                (no ring)
                                (no ring)

@: no status effects
A: almost no armour, stealthy swim, amphibious, 8 rings, constrict 8, rugged
brown scales 1, camouflage 1, fire resistance 1, low mp 1, gelatinous body 1,
subdued magic 1
a: no special abilities


You were on level 4 of the Dungeon.
You were not hungry.

You visited 1 branch of the dungeon, and saw 4 of its levels.

You collected 201 gold pieces.

Inventory:

Missiles
 b - 113 stones (quivered)
Magical Staves
 m - an uncursed staff of death (weapon)
Jewellery
 e - an amulet of magic regeneration (around mantle)
 l - a ring of protection from cold (left tentacle)
Wands
 o - a wand of iceblast (6)
Scrolls
 f - a scroll of blinking
 g - 3 scrolls of identify
 j - 4 scrolls of remove curse {unknown}
 k - 2 scrolls of teleportation
 n - a scroll of fear
Potions
 a - a potion of heal wounds
 h - a potion of mutation
 i - a potion of lignification {unknown}
Books
 d - a book of Geomancy

   Spells                             Type                      Level
   a - Sandblast                      Earth                        1
   b - Passwall                       Transmutation/Earth          2
   c - Stone Arrow                    Conjuration/Earth            3
   d - Petrify                        Transmutation/Earth          4
   e - Lee's Rapid Deconstruction     Earth                        5
Comestibles
 c - 8 rations


   Skills:
 + Level 3.4 Dodging
 - Level 2.6 Stealth
 + Level 3.2 Spellcasting
 - Level 1.0 Transmutations
 + Level 4.2 Earth Magic


You had 4 spell levels left.
You knew the following spells:

 Your Spells              Type           Power        Failure   Level  Hunger
a - Sandblast             Erth           ##....       1%          1    None
b - Passwall              Tmut/Erth      #.........   7%          2    ##.....
c - Stone Arrow           Conj/Erth      #.....       17%         3    ###....


Dungeon Overview and Level Annotations

Branches:
Dungeon (4/15)
 Temple: D:4-7

Altars:
Yredelemnul


Innate Abilities, Weirdness & Mutations

You cannot wear most types of armour.
You are very stealthy in the water. (Stealth+)
You are amphibious.
You can wear up to eight rings at the same time.
You can use your tentacles to constrict eight enemies at once.
Your skin changes colour to match your surroundings (Stealth+).
Your rubbery body absorbs attacks. (AC +1, EV +1)
You are partially covered in rugged brown scales. (AC +1, +3% HP)
Your flesh is heat resistant. (rF+)
Your magical capacity is low. (-10% MP)
Your spells are a little easier to cast, but a little less powerful.


Message History

The mass of ice explodes!
The iceblast engulfs the orc.
You kill the orc!
The iceblast engulfs something.
The iceblast engulfs you! You partially resist.
* * * LOW HITPOINT WARNING * * *
Casting: Sandblast
Confirm with . or Enter, or press ? or * to list all spells.
Aiming: Stone Arrow
Press: ? - help, Shift-Dir - straight line, f - jackal
Aim: a jackal
Okay, then.
Unknown command.
Casting: Stone Arrow
Confirm with . or Enter, or press ? or * to list all spells.
Aiming: Sandblast
Press: ? - help, Shift-Dir - straight line, f - jackal
Aim: a jackal The blast of sand hits something.
b - 113 stones Something hits you.
You die...

.. #########
#.##........
..#.####... #.#.#
#.## #.#.####.##
#......#.##
##..####...
#################..#
#.#.
o.....oh)@........>#
#...
###...)###########.#
##... #.... #.#
#.... #...o #.#
#.#.. #.... #(#
#.#.. ####.
#.###...< ##
#..###### #..# #..#


You could see an orc and a jackal.

Vanquished Creatures
  An orc wizard (D:4)
  Terence (D:2)
  Robin (D:2)
  A worm (D:3)
  A dart slug (D:3)
  2 leopard geckos
  2 orcs (D:4)
  7 bats
  4 giant cockroaches
  19 goblins
  7 hobgoblins
  12 jackals
  A kobold (D:2)
  A quokka (D:4)
  6 frilled lizards
  A jackal skeleton (D:3)
  A rat (D:3)
68 creatures vanquished.

Notes
Turn   | Place    | Note
-------+----------+-------------------------------------------
     0 | D:1      | SedStubbie the Octopode Earth Elementalist began the quest for the Orb.
     0 | D:1      | Reached XP level 1. HP: 11/11 MP: 3/3
   121 | D:1      | Reached XP level 2. HP: 5/17 MP: 1/5
   835 | D:1      | Gained mutation: Your spells are a little easier to cast, but a little less powerful. [potion of mutation]
   835 | D:1      | Gained mutation: Your magical capacity is low. (-10% MP) [potion of mutation]
   835 | D:1      | Gained mutation: You are partially covered in rugged brown scales. (AC +1, +3% HP) [potion of mutation]
   835 | D:1      | Gained mutation: Your flesh is heat resistant. (rF+) [potion of mutation]
   839 | D:1      | Learned a level 2 spell: Passwall
   926 | D:1      | Reached XP level 3. HP: 21/21 MP: 3/5
  1576 | D:2      | Noticed Robin
  1605 | D:2      | HP: 1/21 [goblin[Robin] (4)]
  1616 | D:2      | Killed Robin
  1874 | D:2      | Reached XP level 4. HP: 27/27 MP: 7/7
  2244 | D:2      | Noticed Terence
  2250 | D:2      | Learned a level 3 spell: Stone Arrow
  2265 | D:2      | Killed Terence
  3089 | D:3      | Reached skill level 4 in Earth Magic
  3843 | D:4      | Noticed an ogre
  3953 | D:4      | Reached XP level 5. HP: 31/31 MP: 8/8
  3986 | D:4      | Found a basalt altar of Yredelemnul.
  4025 | D:4      | Slain by an orc wizard

Skill      XL: |  1  2  3  4 |
---------------+-------------+-----
Dodging        | 3 |  3.4
Spellcasting   | 3 |  3.2
Earth Magic    | 4 |  4.2
Stealth        | |  2.6
Transmutations | |  1.0

Action                   |  1- 3 |  4- 6 || total
-------------------------+-------+-------++-------
Melee: Unarmed           |    26 |       ||    26
       Tentacles         |    13 |    10 ||    23
       Constrict         |    16 |    12 ||    28
       Staff             |    30 |    66 ||    96
 Cast: Sandblast         |    27 |    15 ||    42
       Stone Arrow       |       |     7 ||     7
Evoke: Wand              |       |     1 ||     1
  Use: Scroll            |     2 |     6 ||     8
       Potion            |     3 |       ||     3
 Stab: Sleeping          |     1 |     8 ||     9
  Eat: Chunk             |     3 |     5 ||     8
       Ration            |       |     1 ||     1
Armor: Skin              |    20 |    18 ||    38
Dodge: Dodged            |    56 |    58 ||   114
